 Dungeon Crawl Stone Soup version 0.19.1-1-g22dce08 (webtiles) character file.

1199 JeffiDaFish the Shield-Bearer (level 8, -3/49 HPs)
             Began as a Gargoyle Fighter on Jan 3, 2017.
             Was an Initiate of Makhleb.
             Slain by korthal's ghost (4 damage)
             ... on level 6 of the Dungeon on Jan 4, 2017.
             The game lasted 00:11:04 (5322 turns).

JeffiDaFish the Shield-Bearer (Gargoyle Fighter)    Turns: 5322, Time: 00:11:05

Health: -3/49      AC: 26    Str: 20    XL:     8   Next: 44%
Magic:  8/8        EV:  6    Int:  9    God:    Makhleb [......]
Gold:   217        SH: 16    Dex: 11    Spells: 0 memorised, 7 levels left

rFire  . . .     SeeInvis .     r - +2 flail (protect)
rCold  . . .     Gourm    .     h - +0 chain mail
rNeg   + . .     Faith    .     c - +0 shield
rPois  ∞         Spirit   .     l - +2 helmet
rElec  +         Reflect  +     (no cloak)
rCorr  .         Harm     .     d - +0 pair of gloves
MR     .....                    (no boots)
Stlth  ..........               p - +6 amulet of reflection
                                (no ring)
                                (no ring)

@: protection aura, very slightly contaminated, hasted (expiring), very quick
A: negative energy resistance 1, electricity resistance, unbreathing,
petrification resistance, rot immunity, AC +5
a: Renounce Religion


You were on level 6 of the Dungeon.
You worshipped Makhleb.
Makhleb was noncommittal.
You were near starving.

You visited 2 branches of the dungeon, and saw 7 of its levels.

You collected 217 gold pieces.

Inventory:

Hand Weapons
 r - a +2 flail of protection (weapon)
Armour
 c - a +0 shield (worn)
 d - a +0 pair of gloves (worn)
 h - a +0 chain mail (worn)
 l - a +2 helmet (worn)
Jewellery
 p - a +6 amulet of reflection (around neck)
Scrolls
 a - a scroll of recharging
 i - 4 scrolls of identify
 j - 2 scrolls of teleportation
 k - 4 scrolls of remove curse
Potions
 e - a potion of cancellation
 g - 2 potions of curing
 n - a potion of flight
 o - a potion of resistance
 q - a potion of haste
Books
 s - a book of Necromancy

   Spells                             Type                      Level
   a - Pain                           Necromancy                   1
   b - Animate Skeleton               Necromancy                   1
   c - Vampiric Draining              Necromancy                   3
   d - Regeneration                   Charms/Necromancy            3
   e - Animate Dead                   Necromancy                   4
   f - Control Undead                 Necromancy                   4
Comestibles
 b - a slice of pizza
 f - 4 bread rations
 m - 3 meat rations


   Skills:
 + Level 5.0 Fighting
 + Level 5.7 Maces & Flails
 + Level 5.2 Armour
 + Level 1.2 Dodging
 + Level 7.3 Shields


You had 7 spell levels left.
You didn't know any spells.

Dungeon Overview and Level Annotations

Branches:
Dungeon (6/15)             Temple (1/1) D:5

Altars:
Cheibriados
Dithmenos
Kikubaaqudgha
Makhleb
Nemelex Xobeh
Okawaru
Qazlal
Ru
Sif Muna
Uskayaw
Xom
Zin

Annotations:
D:6 korthal's ghost, novice OgHu


Innate Abilities, Weirdness & Mutations

You are resistant to torment.
Your stone body is resilient. (AC +5)
You are immune to poison.
You resist negative energy. (rN+)
You are resistant to electric shocks. (rElec)
You can survive without breathing.
You are immune to petrification.
You are immune to rotting.


Message History

Korthal's ghost is severely damaged.
You closely miss korthal's ghost.
Korthal's ghost is severely damaged.
You block korthal's ghost's attack.
You miss korthal's ghost.
Korthal's ghost is severely damaged.
Your extra speed is starting to run out.
Korthal's ghost hits you but does no damage.
You sock korthal's ghost!
Your weapon exudes an aura of protection.
Korthal's ghost is almost destroyed.
Korthal's ghost barely misses you.
You closely miss korthal's ghost.
Korthal's ghost is almost destroyed.
You block korthal's ghost's attack.
You barely miss korthal's ghost.
Korthal's ghost is almost destroyed.
Korthal's ghost hits you!
* * * LOW HITPOINT WARNING * * *
You die...

#....>...
#.####### #.# #.#
#.# #.# #.#
################.#
.....FW@.........#
##################


You could see a bullfrog and korthal's ghost.

Vanquished Creatures
  Sigmund (D:5)
  Menkaure (D:5)
  Duvessa (D:4)
  A phantom (D:4)
  Dowan (D:4)
  A scorpion (D:5)
  A howler monkey (D:5)
  A quasit (D:5)
  6 hounds
  An orc priest (D:5)
  Natasha (thrice) (D:2)
  An orc wizard (D:4)
  2 worker ants
  Robin (D:2)
  3 adders
  2 shadow imps
  4 oozes
  An adder zombie (D:5)
  4 worms (D:2)
  5 leopard geckos
  8 orcs
  7 bats
  3 giant cockroaches
  14 goblins
  13 hobgoblins
  8 jackals
  9 kobolds
  4 quokkas
  7 frilled lizards
  A jackal skeleton (D:4)
  A leopard gecko skeleton (D:4)
  5 rats
121 creatures vanquished.

Vanquished Creatures (others)
  A kobold (D:3)
1 creature vanquished.

Grand Total: 122 creatures vanquished

Notes
Turn   | Place    | Note
-------+----------+-------------------------------------------
     0 | D:1      | JeffiDaFish the Gargoyle Fighter began the quest for the Orb.
     0 | D:1      | Reached XP level 1. HP: 14/14 MP: 1/1
   151 | D:1      | Reached XP level 2. HP: 19/19 MP: 2/2
   753 | D:2      | Noticed Natasha
   774 | D:2      | Reached XP level 3. HP: 23/23 MP: 3/3
   789 | D:2      | Killed Natasha
   984 | D:2      | Reached XP level 4. HP: 6/29 MP: 4/4
  1271 | D:2      | Noticed Robin
  1337 | D:2      | Killed Robin
  1518 | D:2      | Reached XP level 5. HP: 30/33 MP: 5/5
  1606 | D:2      | Noticed Natasha
  1616 | D:2      | Killed Natasha
  1616 | D:2      | Reached skill level 4 in Shields
  2064 | D:2      | Noticed Natasha
  2081 | D:2      | Killed Natasha
  2896 | D:4      | Reached XP level 6. HP: 38/38 MP: 6/6
  3115 | D:4      | Noticed a phantom
  3173 | D:4      | Killed a phantom
  3173 | D:4      | Reached skill level 1 in Dodging
  3173 | D:4      | Reached skill level 5 in Shields
  3229 | D:4      | Noticed Dowan
  3230 | D:4      | Noticed Duvessa
  3252 | D:4      | Killed Duvessa
  3252 | D:4      | Reached XP level 7. HP: 39/43 MP: 7/7
  3287 | D:4      | Killed Dowan
  3841 | D:5      | Entered Level 5 of the Dungeon
  4048 | D:5      | Reached skill level 6 in Shields
  4125 | D:5      | Found a staircase to the Ecumenical Temple.
  4164 | Temple   | Entered the Ecumenical Temple
  4346 | Temple   | Became a worshipper of Makhleb the Destroyer
  4597 | D:5      | Reached skill level 5 in Maces & Flails
  4597 | D:5      | Reached skill level 5 in Armour
  4641 | D:5      | Noticed Menkaure
  4654 | D:5      | Killed Menkaure
  4654 | D:5      | Reached XP level 8. HP: 16/48 MP: 8/8
  4925 | D:5      | Found an ancient bone altar of Kikubaaqudgha.
  4927 | D:5      | Noticed Sigmund
  4935 | D:5      | Killed Sigmund
  4935 | D:5      | Reached skill level 5 in Fighting
  4935 | D:5      | Reached skill level 7 in Shields
  5274 | D:6      | Noticed korthal's ghost (novice OgHu)
  5322 | D:6      | HP: 1/49 [korthal's ghost (10)]
  5322 | D:6      | Slain by korthal's ghost

Skill      XL: |  1  2  3  4  5  6  7  8 |
---------------+-------------------------+-----
Armour         | 4 5 |  5.2
Maces & Flails | 3 4 5 |  5.7
Fighting       | 4 5 |  5.0
Shields        | 4 5 6 7 |  7.3
Dodging        | 1 |  1.2

Action                   |  1- 3 |  4- 6 |  7- 9 || total
-------------------------+-------+-------+-------++-------
Melee: Flail             |   100 |   377 |   256 ||   733
  Use: Scroll            |     5 |     5 |     3 ||    13
       Potion            |     4 |     6 |     4 ||    14
  Eat: Chunk             |       |     9 |     4 ||    13
       Beef jerky        |       |       |     1 ||     1
Armor: Scale mail        |    15 |       |       ||    15
       Chain mail        |    51 |   258 |   132 ||   441
Dodge: Dodged            |    19 |    74 |    39 ||   132
Block: Shield            |    59 |   270 |   224 ||   553
       Reflection        |       |     2 |     5 ||     7
